[Event "Early-Titled-Tuesday-Blitz-January-16-2024"]
[Site "Chess.com"]
[Date "2024.01.16"]
[Round "1"]
[White "Flawless_Fighter"]
[Black "SarochaChuemsakul"]
[Result "1-0"]
[WhiteElo "2712"]
[BlackElo "2379"]
[TimeControl "180+1"]
[EndTime "8:07:32 PST"]
[Termination "Flawless_Fighter won by resignation"]

1. e4 g6 2. d4 Bg7 3. h4 h5 4.
Nc3 d6 5. Nf3 Bg4 6. Be2 Nc6 7.
Be3 e5 8. dxe5 dxe5 9. Nd5 Nge7 10. Bg5 Qd6 11. Nf6+ Bxf6 12. Qxd6 cxd6 13. Bxf6 O-O 14.
Rd1 Rfd8 15. c3 d5 16. Nxe5 Nxe5 17. Bxe7 Re8 18. Bf6 dxe4 19. Bxe5 Rxe5 20. Bxg4 hxg4 21. Ke2 Re7 22. g3 Kg7 23. Rd4 f5 24. Ke3 Rae8 25. Rhd1 Kf6 26. Rd6+ Re6 27. Rd7 R8e7 28. Rxe7 Rxe7 29.
Rd6+ Kf7 30. c4 b6 31. b3 Kg7 32. Kf4 Kf7 33. Kg5 e3 34. fxe3 Rxe3 35. Rf6+ Ke7 36. Rxg6 Rxg3 37. Kxf5 Rg2 38. Rxg4 Rxa2 39. h5 Rh2 40.
Kg6 Kf8 41. h6 Kg8 42. Rg5 Rh3 43. b4 Rh4 44. c5 Rxb4 45. c6 Rc4 46. Kh5+ Kh8 47.
Rg6 a5 48. Rd6 Rc1 49. Rd8+ Kh7 50. Rd7+ Kh8 51. c7 a4 52. Rd8+ Kh7 53. c8=Q Rxc8 54.
Rxc8 b5 55. Rc7+ 1-0

[Event "Early-Titled-Tuesday-Blitz-January-16-2024"]
[Site "Chess.com"]
[Date "2024.01.16"]
[Round "1"]
[White "Iskusnyh"]
[Black "ilushka"]
[Result "0-1"]
[WhiteElo "2649"]
[BlackElo "2347"]
[TimeControl "180+1"]
[EndTime "8:07:33 PST"]
[Termination "ilushka won by resignation"]

1. d4 e6 2. c4 b6 3. Nc3 Bb7 4. Qc2 Bb4 5. Nf3 f5 6. g3 Nf6 7. Bg2 O-O 8. O-O Bxc3 9. Qxc3 d6 10. b3 Nbd7 11. Bb2 Qe7 12. Rad1 Ne4 13. Qc2 Ndf6 14.
Ne1 c5 15. Nd3 Rac8 16. dxc5 bxc5 17. f3 Ng5 18. Qd2 Nf7 19. Nf2 Rfd8 20. e4 fxe4 21. fxe4 e5 22. Qe3 h6 23. h4 Rf8 24. g4 Nd8 25.
Qd3 Ne8 26. Qg3 Ne6 27. Nd3 Nf6 28. Rde1 Rce8 29. g5 hxg5 30. hxg5 Nh5 31. Qh4 Qxg5 32. Qxg5 Nxg5 33. Kh2 Rxf1 34. Rxf1 Bxe4 35. Bxe4 Nxe4 36. Rd1 Rf8 37. Kg2 Nf4+ 38. Nxf4 Rxf4 39. Bc1 Rf2+ 40. Kh3 Rxa2 41. Kg4 Nf2+ 42. Kf5 Nxd1 43. Ke6 e4 44. Ke7 e3 45. Ke8 e2 0-1

[Event "Early-Titled-Tuesday-Blitz-January-16-2024"]
[Site "Chess.com"]
[Date "2024.01.16"]
[Round "1"]
[White "wild3000"]
[Black "Nikolakis2014"]
[Result "0-1"]
[WhiteElo "2403"]
[BlackElo "2742"]
[TimeControl "180+1"]
[EndTime "8:07:34 PST"]
[Termination "Nikolakis2014 won by checkmate"]

1. e4 c5 2. Nf3 Nc6 3. Bb5 g6 4. O-O Bg7 5. c3 Nf6 6. Re1 O-O 7. d4 d5 8. exd5 Qxd5 9. c4 Qd6 10. dxc5 Qxd1 11.
Rxd1 Ne4 12. Nc3 Nxc5 13. Be3 Bxc3 14. Bxc5 Bxb2 15. Rab1 Bf6 16. Bxc6 bxc6 17. Re1 Be6 18. Rb7 Rfb8 19. Rxb8+ Rxb8 20. Bxa7 Ra8 21. Bd4 Rxa2 22.
Bxf6 exf6 23. Nd4 Ra6 24. h3 Bxc4 25. Re8+ Kg7 26. Rc8 Bd5 27. f3 f5 28. h4 h5 29. Kf2 Ra4 30. Ke3 f4+ 31. Kd3 Ra2 32. Nxc6 Rxg2 33. Ne5 Rh2 34. Kd4 Be6 35. Rc7 Rxh4 36.
Nc6 Rh1 37. Ke5 Rc1 38. Kd6 h4 39. Re7 h3 40. Nd8 Rd1+ 41. Kc7 Rxd8 42. Kxd8 h2 43. Rc7 h1=Q 44. Ke7 Qxf3 45. Ke8 Qe4 46. Re7 f3 47. Rc7 f2 48. Kd8 Qd5+ 49. Ke8 Kf6 50. Kf8 Qd8# 0-1

[Event "Early-Titled-Tuesday-Blitz-January-16-2024"]
[Site "Chess.com"]
[Date "2024.01.16"]
[Round "1"]
[White "NikaVolkov"]
[Black "ritanovikova"]
[Result "1-0"]
[WhiteElo "2581"]
[BlackElo "2170"]
[TimeControl "180+1"]
[EndTime "8:07:34 PST"]
[Termination "NikaVolkov won by resignation"]

1. Nf3 Nf6 2. e3 g6 3. d4 Bg7 4. c4 O-O 5. Be2 d5 6. O-O b6 7. Nc3 Ba6 8. cxd5 Bxe2 9. Qxe2 Nxd5 10. e4 Nxc3 11. bxc3 c5 12. Be3 Nc6 13. Rfd1 cxd4 14. cxd4 Na5 15. Rac1 Rc8 16. Qa6 Qd7 17. d5 Bb2 18.
Rxc8 Rxc8 19. Rb1 Bg7 20. h3 Nc4 21. Bd4 Nd6 22. Bxg7 Kxg7 23. Qd3 f6 24. Nd4 Qa4 25. Nc6 e5 26. f3 Qxa2 27. Kh2 h5 28. Rb3 Qf2 29.
Rb1 h4 30. Rf1 Qa2 31. Kh1 Rc7 32. Qc3 Qc4 33. Qa1 a5 34. Rc1 Qe2 35. Qa3 Qd2 36.
Rb1 b5 37. Qxd6 Rf7 38. Qa3 b4 39. Qxa5 b3 40. Qxd2 1-0

[Event "Early-Titled-Tuesday-Blitz-January-16-2024"]
[Site "Chess.com"]
[Date "2024.01.16"]
[Round "1"]
[White "sergeikim"]
[Black "Bekkedahl"]
[Result "0-1"]
[WhiteElo "2609"]
[BlackElo "2300"]
[TimeControl "180+1"]
[EndTime "8:07:35 PST"]
[Termination "Bekkedahl won by resignation"]

1. d4 Nf6 2. c4 g6 3. Nc3 Bg7 4. e4 O-O 5. Nge2 d6 6. Ng3 e5 7.
d5 a5 8. Be2 Na6 9. O-O Nd7 10. Be3 f5 11. exf5 gxf5 12. f4 exf4 13. Bxf4 Ne5 14. Qd2 Qf6 15. Bg5 Qf7 16. Bh5 Qd7 17.
b3 Nc5 18. Bh6 Bxh6 19. Qxh6 Qg7 20. Qxg7+ Kxg7 21. Nb5 Na6 22. Rae1 Bd7 23. Nd4 f4 24. Ne4 Nb4 25. Re2 Nbd3 26. Rd2 Bf5 27. Nxf5+ Rxf5 28. Be2 Nc5 29. Nxc5 dxc5 30. Re1 Raf8 31. d6 cxd6 32. Rxd6 f3 33. Bxf3 Nxf3+ 34. gxf3 Rxf3 35.
Rd7+ R8f7 36. Ree7 Rxe7 37. Rxe7+ Rf7 38. Re5 b6 39.
Kg2 Kf6 40. Rd5 Ke6 41. Rh5 Rd7 42. Rh6+ Kf5 43. Rxb6 Rd2+ 44. Kg3 Rxa2 45. Rb5 Ra3 46. Rxc5+ Kg6 47. Rb5 a4 48. Kg4 Rxb3 49. Ra5 Rb4 50. Ra6+ Kg7 51. Rc6 a3 52. Ra6 Rxc4+ 53. Kg5 Rc5+ 54.
Kg4 Rc3 55. h4 Rb3 56. Kg5 Rg3+ 57. Kf4 Rb3 58. Kg5 Rg3+ 59. Kf4 Rh3 60. Kg4 Re3 61. Kg5 h6+ 62. Kg4 Kf7 63. Rxh6 Re4+ 64. Kf5 Ra4 65.
Rh7+ Kg8 66. Rc7 a2 0-1

[Event "Early-Titled-Tuesday-Blitz-January-16-2024"]
[Site "Chess.com"]
[Date "2024.01.16"]
[Round "1"]
[White "abelmat"]
[Black "NMJeevanK"]
[Result "0-1"]
[WhiteElo "2077"]
[BlackElo "2564"]
[TimeControl "180+1"]
[EndTime "8:07:35 PST"]
[Termination "NMJeevanK won on time"]

1. d4 Nf6 2. c4 e6 3. Nf3 d5 4. Nc3 Be7 5. Bf4 O-O 6. e3 c5 7. dxc5 Bxc5 8. a3 a5 9. Bd3 Nc6 10. O-O h6 11. h3 Re8 12. cxd5 exd5 13. Nb5 Bb6 14. Rc1 Ne4 15. Qc2 Qf6 16. Bc7 Ba7 17. Bf4 g5 18. Nc7 gxf4 19. Nxa8 fxe3 20. Nc7 exf2+ 21.
Kh1 Ng3+ 22. Kh2 Qf4 23. Bh7+ Kh8 24. Rxf2 Qxc7 25. Kg1 Bxf2+ 26. Qxf2 Kxh7 27. Nh4 Ne4 28. Qe3 Qg3 29. Nf3 Bxh3 30. Rc2 Bg4 31. Re2 Bxf3 32. Qxf3 Qxf3 33. gxf3 Rg8+ 34. Kf1 Ng3+ 35. Kf2 Nxe2 36. Kxe2 Rg2+ 0-1

[Event "Early-Titled-Tuesday-Blitz-January-16-2024"]
[Site "Chess.com"]
[Date "2024.01.16"]
[Round "1"]
[White "JesseFebruary"]
[Black "BigAl"]
[Result "0-1"]
[WhiteElo "1884"]
[BlackElo "2551"]
[TimeControl "180+1"]
[EndTime "8:07:35 PST"]
[Termination "BigAl won by resignation"]

1. e4 c6 2. d4 d5 3. exd5 cxd5 4.
Bd3 Nc6 5. c3 Qc7 6. h3 g6 7. Nf3 Bf5 8. O-O Nf6 9. Re1 e6 10. Bg5 Be7 11. Ne5 Bxd3 12. Qxd3 O-O 13. Nd2 Nxe5 14. dxe5 Nh5 15. Bh6 Rfe8 16. g4 Ng7 17.
Nf3 Rac8 18. Ng5 Bf8 19. Qf3 Re7 20. h4 Qb6 21. Re2 Rc4 22. Kh2 d4 23. Rg1 dxc3 24.
bxc3 Qc5 25. Re3 Ra4 26. h5 Rd7 27. Nxh7 Kxh7 28. hxg6+ fxg6 29. Qf6 Ra5 30. Bxg7 Bxg7 31. Rh3+ Kg8 32. Qxe6+ Rf7 33. Qxg6 Qxe5+ 34. Kh1 Qd5+ 35. Kh2 Qg5 36. Qh7+ Kf8 37. Qe4 Rxf2+ 38. Kh1 Qd5 39. Qxd5 Rxd5 40. Re1 Re5 41. Kg1 Rxa2 42. Rxe5 Bxe5 43.
Re3 Bd6 44. Rf3+ Kg7 45. Re3 Bc5 0-1

[Event "Early-Titled-Tuesday-Blitz-January-16-2024"]
[Site "Chess.com"]
[Date "2024.01.16"]
[Round "1"]
[White "Vazabanga"]
[Black "semchik73"]
[Result "0-1"]
[WhiteElo "2686"]
[BlackElo "2394"]
[TimeControl "180+1"]
[EndTime "8:07:36 PST"]
[Termination "semchik73 won by resignation"]

1. d4 d5 2. c4 c6 3. Nf3 Nf6 4. Qb3 dxc4 5. Qxc4 e6 6. g3 Be7 7. Bg2 O-O 8. O-O Nbd7 9. Nc3 Nb6 10. Qb3 Nbd5 11. h3 a5 12. Re1 Nxc3 13. bxc3 a4 14. Qc2 Qa5 15. e4 b5 16. Be3 Bb7 17. Ne5 Rac8 18. Nd3 c5 19. dxc5 Bxe4 20. c4 Bxg2 21. Kxg2 bxc4 22. Qxc4 Nd5 23. Bd4 Rfd8 24. Red1 Nb6 25.
Qc3 Qa8+ 26. Kg1 Nd5 27. Qd2 Nf6 28. Qe3 Qd5 29. Nf4 Qe4 30. Rac1 Qxe3 31. Bxe3 Rxd1+ 32. Rxd1 Ne4 33. Nd3 Nc3 34. Rd2 Rd8 35. a3 Ne4 36. Rd1 Nxc5 37. Bxc5 Bxc5 38. Kf1 Bxa3 39. Ke2 Bd6 40.
Ne5 Bc7 41. Rxd8+ Bxd8 42. Kd3 Bb6 43. f3 Bc7 44. Nc6 Bxg3 45. Kc4 Bd6 46. Nd4 a3 47. Kb3 h5 48. Nb5 Bc5 49. Nc3 g5 50. Ne4 Be7 51. Ng3 h4 52. Ne4 f5 53. Nf2 Kf7 54.
Nd3 Kf6 55. Kc2 g4 56. fxg4 fxg4 57. hxg4 Kg5 58. Ne5 Bf6 59. Nf3+ Kxg4 0-1

[Event "Early-Titled-Tuesday-Blitz-January-16-2024"]
[Site "Chess.com"]
[Date "2024.01.16"]
[Round "1"]
[White "Superfelix"]
[Black "Grandelicious"]
[Result "1-0"]
[WhiteElo "2523"]
[BlackElo "2935"]
[TimeControl "180+1"]
[EndTime "8:07:37 PST"]
[Termination "Superfelix won by resignation"]

1. e4 e6 2. d4 d5 3. exd5 exd5 4. Bd3 Nc6 5. c3 Bd6 6. h3 Nge7 7. Ne2 Ng6 8. Nd2 Qg5 9. g3 Qf6 10. Nf1 Qf3 11. Rh2 O-O 12. Ng1 Qf6 13. Qf3 Qe7+ 14. Ne3 Be6 15. Bd2 f5 16. O-O-O Qf7 17. Ng2 f4 18. g4 Nge5 19. dxe5 Nxe5 20. Qe2 f3 21. Nxf3 Nxf3 22. Rhh1 Rae8 23. Be3 d4 24. cxd4 Bxa2 25. Qc2 g6 26. Qc3 a5 27. d5 Bb4 28. Qc2 Bxd5 29. Nf4 Bb3 30. Qb1 Qf6 31. Bb5 Re5 32. Qd3 Bxd1 33. Bc4+ Kg7 34. Rxd1 c6 35. Ba2 Re7 36.
Kb1 Ne5 37. Qb3 Kh8 38. g5 Qg7 39. Bd4 Rd8 40. Ne6 Rxe6 41. Qxe6 Rxd4 42. Rxd4 Be7 43. Re4 Bxg5 44. Rxe5 1-0

[Event "Early-Titled-Tuesday-Blitz-January-16-2024"]
[Site "Chess.com"]
[Date "2024.01.16"]
[Round "1"]
[White "Nouali_Mohamed"]
[Black "FMCarmona"]
[Result "1-0"]
[WhiteElo "2583"]
[BlackElo "2186"]
[TimeControl "180+1"]
[EndTime "8:07:37 PST"]
[Termination "Nouali_Mohamed won on time"]

1. e4 e5 2. Bc4 Nc6 3. Nc3 Nf6 4. d3 Bc5 5. f4 d6 6. Nf3 a6 7. a4 O-O 8. f5 h6 9. Qe2 Re8 10. h4 Nd4 11. Nxd4 exd4 12. Nd5 Nxd5 13. Bxd5 c6 14. Bb3 Bxf5 15. Qh5 Be6 16. Bg5 hxg5 17.
hxg5 Kf8 18. Rf1 Bxb3 19. cxb3 Qd7 20. O-O-O Qe6 21. Rf3 Ke7 22. Rdf1 Rf8 23. Kc2 g6 24. Qh7 Rae8 25. Rf6 Qe5 26. Rxg6 Qg3 27. Rgf6 Qxg2+ 28. R1f2 Qxg5 29. Rxf7+ Rxf7 30. Rxf7+ Kd8 31. Rd7+ Kc8 32. Rc7+ Kb8 33. Rxb7+ Ka8 34. Rg7 Qe3 35. Qh5 Rf8 36. Rf7 1-0

[Event "Early-Titled-Tuesday-Blitz-January-16-2024"]
[Site "Chess.com"]
[Date "2024.01.16"]
[Round "1"]
[White "vladislavkovalev"]
[Black "JoliyRoger"]
[Result "1-0"]
[WhiteElo "2880"]
[BlackElo "2480"]
[TimeControl "180+1"]
[EndTime "8:07:38 PST"]
[Termination "vladislavkovalev won by resignation"]

1. e4 c6 2. Nf3 d5 3. d3 d4 4. g3 c5 5. Bg2 Nc6 6. e5 Be6 7. O-O h6 8. Re1 g6 9. Nbd2 Bg7 10. h4 Rc8 11. Ne4 b6 12. c4 Qc7 13. Bf4 Qd7 14. a3 Bg4 15. b4 Nxe5 16. Bxe5 Bxf3 17. Qxf3 Bxe5 18. bxc5 bxc5 19. Rab1 Kf8 20. Rb5 Bd6 21. Kh2 Kg7 22. Bh3 f5 23. h5 e6 24. Nxd6 Qxd6 25.
Rb7+ Ne7 26. hxg6 Kxg6 27. Rxe7 Qxe7 28. Bxf5+ Kg7 29. Rxe6 Qf7 30. Qg4+ Kf8 31. Qh4 Kg7 32.
Re7 Rc7 33. Qg4+ Kf8 34. Rxf7+ Rxf7 35. Kg2 Rg8 36. Qxg8+ Kxg8 37. Be6 Kf8 38. Bxf7 Kxf7 39. f4 Kf6 40. Kf3 h5 41. g4 Kg6 42. Kg3 a5 43. a4 Kf6 44. gxh5 Kf5 45. Kf3 Kf6 46. Kg4 Kg7 47. f5 Kf6 48. Kf4 1-0

[Event "Early-Titled-Tuesday-Blitz-January-16-2024"]
[Site "Chess.com"]
[Date "2024.01.16"]
[Round "1"]
[White "KNVB"]
[Black "elchacal664"]
[Result "1-0"]
[WhiteElo "2685"]
[BlackElo "2356"]
[TimeControl "180+1"]
[EndTime "8:07:38 PST"]
[Termination "KNVB won by resignation"]

1. d4 e5 2. dxe5 Nc6 3. Nc3 Qe7 4. Nd5 Qd8 5. Nf3 h6 6. Bf4 Nge7 7. e4 Ng6 8. Bg3 d6 9. exd6 Bxd6 10. Bxd6 Qxd6 11.
Qd2 O-O 12. O-O-O Re8 13. Nd4 Nxd4 14. Qxd4 Be6 15. Nc3 Qf4+ 16. Qd2 Qf6 17. Qe3 Ne5 18. Be2 a6 19. f4 Nc4 20. Bxc4 Bxc4 21. g3 b5 22.
Rhe1 b4 23. Qd4 bxc3 24. Qxc4 cxb2+ 25. Kb1 Qb6 26. e5 Re6 27. Re2 Rc6 28. Qd4 Qb5 29. f5 Rb8 30. g4 Qb4 31. Qxb4 Rxb4 32. h3 Rb8 33. Rd4 Re8 34. Rde4 Rc5 35. Kxb2 Rb8+ 36. Kc1 Kf8 37. R2e3 Ke7 38. Rb3 Rd8 39. Ra3 Rc6 40. Kb1 Rd5 41. Rb3 Rdc5 42. Rb2 Rc3 43. Rb3 R3c4 44.
Rxc4 Rxc4 45. Re3 Rb4+ 46. Kc1 Rf4 47. Kd2 Rf2+ 48. Kc3 Kd7 49. Kb3 Kc6 50. a4 Rf4 51. c3 Kb6 52. e6 fxe6 53. fxe6 Rf8 54. e7 Re8 55. Kb4 Kc6 56. Ka5 Kd7 57. Kxa6 Rxe7 58. Rxe7+ Kxe7 59. Kb7 Kd6 60. a5 c5 61. c4 Ke5 62. Kb6 Kd4 63. Kb5 Ke4 64. a6 1-0

[Event "Early-Titled-Tuesday-Blitz-January-16-2024"]
[Site "Chess.com"]
[Date "2024.01.16"]
[Round "1"]
[White "GalaxyRoman"]
[Black "LionelMessiFCB"]
[Result "0-1"]
[WhiteElo "2869"]
[BlackElo "2511"]
[TimeControl "180+1"]
[EndTime "8:07:39 PST"]
[Termination "LionelMessiFCB won by resignation"]

1. e4 c5 2. Nc3 Nc6 3. f4 g6 4. Nf3 Bg7 5. Bb5 Nd4 6. O-O a6 7. Bd3 e6 8. e5 d6 9. Ne4 dxe5 10. fxe5 Nxf3+ 11. Qxf3 Nh6 12. Nd6+ Ke7 13. Qf4 Rf8 14.
Qh4+ f6 15. exf6+ Kxd6 16. Qg3+ Kc6 17. fxg7 Qd4+ 18. Qe3 Rxf1+ 19. Bxf1 Qxg7 20. d4 Nf5 21. Qe4+ Kb6 22. dxc5+ Kxc5 23. Be3+ Nxe3 24. Qxe3+ Kc6 25. Rd1 Qxb2 26. Rd3 Kc7 27. Rc3+ Kb8 28. Qe5+ Ka7 29. h3 Bd7 30. Qd4+ Qb6 31. Qxb6+ Kxb6 32. Rd3 Bc6 33.
Re3 Re8 34. Bc4 e5 35. Bb3 Kc5 36. Kh2 e4 37. Re1 e3 38. Kg3 Kd4 39. Rd1+ Kc3 40.
Rd3+ Kb2 41. Rd1 e2 42. Rg1 Kc3 43. Kf2 Kd2 44. Bc4 Rf8+ 0-1

[Event "Early-Titled-Tuesday-Blitz-January-16-2024"]
[Site "Chess.com"]
[Date "2024.01.16"]
[Round "1"]
[White "JiaHaoxiang"]
[Black "GrotBchess"]
[Result "1-0"]
[WhiteElo "2624"]
[BlackElo "2281"]
[TimeControl "180+1"]
[EndTime "8:07:39 PST"]
[Termination "JiaHaoxiang won by resignation"]

1. d4 Nf6 2. Bf4 e6 3. Nf3 d5 4.
e3 c5 5. c3 Nc6 6. Bd3 Bd6 7.
Bg3 Qe7 8. Ne5 O-O 9. Nd2 Nd7 10. f4 f6 11. Nxc6 bxc6 12. O-O Bb7 13. Kh1 e5 14. fxe5 fxe5 15. Qh5 g6 16. Bxg6 hxg6 17. Qxg6+ Kh8 18. Qh6+ Kg8 19. Bh4 Qg7 20. Qxd6 cxd4 21. cxd4 e4 22. Rxf8+ Rxf8 23. Rf1 Rxf1+ 24. Nxf1 Ba6 25. Ng3 Qg4 26. h3 Qxh4 27. Nf5 Qg5 28. Qxd7 Bf1 29. Qe8+ Kh7 30.
Qf7+ Kh8 31. Qf8+ Kh7 32. Qe7+ Qxe7 33. Nxe7 Bb5 34. b3 Kg7 35. a4 Bd3 36. Nxc6 Bc2 37.
Nxa7 Bxb3 38. a5 Ba4 39. a6 Bd7 40. Kh2 Kf7 41. Kg3 Ke7 42. h4 Kd6 43. h5 Kc7 44. h6 Kb6 45. h7 Kxa7 46. h8=Q 1-0

[Event "Early-Titled-Tuesday-Blitz-January-16-2024"]
[Site "Chess.com"]
[Date "2024.01.16"]
[Round "1"]
[White "Caroexpert"]
[Black "LevonAronian"]
[Result "0-1"]
[WhiteElo "2542"]
[BlackElo "3119"]
[TimeControl "180+1"]
[EndTime "8:07:40 PST"]
[Termination "LevonAronian won on time"]

1. d4 Nf6 2. c4 c5 3. d5 g6 4. Nc3 Bg7 5. e4 d6 6. Nf3 O-O 7. h3 Nbd7 8. Be2 a6 9. O-O Qc7 10. a4 b6 11. Bf4 Ne8 12. Qd2 e5 13. dxe6 fxe6 14. Rad1 Rb8 15. Bxd6 Nxd6 16. Qxd6 Qxd6 17.
Rxd6 Ne5 18. Ng5 Nf7 19. Nxf7 Kxf7 20. f4 Ke7 21. e5 Rxf4 22. Rxf4 Bxe5 23. Rh4 Kxd6 24.
Ne4+ Kc6 25. Rxh7 Bd7 26. Bf3 Kc7 27. Bg4 Rh8 28. Rxh8 Bxh8 29. b3 Bc6 30. Bf3 b5 31. axb5 axb5 32. Kf1 bxc4 33. bxc4 Bd4 34. Ke2 Ba4 35. Kd3 Kd7 36. g4 Ke7 37. h4 Bb3 38.
h5 gxh5 39. gxh5 Ba2 40. Kc2 Bxc4 41. h6 Bd5 42. Ng5 Ba2 43. Be4 Bf6 44. h7 Kf8 45. Nh3 Kg7 46. Nf4 Bd4 47. Nh5+ Kh6 48. Nf4 Kg7 49. Nh5+ Kh8 50. Nf4 Bf6 51. Nh5 Be5 52. Bg6 Bd5 53. Bd3 c4 0-1

[Event "Early-Titled-Tuesday-Blitz-January-16-2024"]
[Site "Chess.com"]
[Date "2024.01.16"]
[Round "1"]
[White "ybothg"]
[Black "dropstoneDP"]
[Result "0-1"]
[WhiteElo "2533"]
[BlackElo "3047"]
[TimeControl "180+1"]
[EndTime "8:07:40 PST"]
[Termination "dropstoneDP won by resignation"]

1. d4 d5 2. Nf3 Nf6 3. g3 g6 4. Bg2 Bg7 5. O-O O-O 6. c4 dxc4 7. Ne5 Ng4 8. Nxg4 Bxg4 9. Bxb7 Nd7 10. Nc3 Rb8 11. Bg2 Nb6 12. d5 Qd7 13. Bf4 Bh3 14.
Bxh3 Qxh3 15. Bxc7 Rb7 16. Bf4 Bxc3 17. bxc3 Qf5 18. d6 Nd5 19. Bh6 Nxc3 20. Qd2 Ne4 21. Qd4 e5 22. Qd5 Rfb8 23. Rac1 c3 24.
f3 Nf6 25. Qc5 Rc8 26. d7 Qxd7 27. Qxe5 Qe6 28. Qxe6 fxe6 29. Rc2 Rb2 30. Rfc1 Rxc2 31. Rxc2 Nd5 32. a3 Rc4 33. e4 Nc7 34. Be3 Nb5 35. a4 Rxa4 36. Kf2 e5 37. Ke2 Nd4+ 38. Bxd4 exd4 39. Kd3 Kf7 40. f4 Ke6 41. e5 Kd5 42. Re2 Ra1 43. e6 Rd1+ 44. Kc2 d3+ 45. Kxd1 dxe2+ 46. Kxe2 Kxe6 47. Kd3 Kf5 48. h3 h5 49. Kxc3 h4 50. gxh4 Kxf4 51. Kd4 Kg3 52. h5 gxh5 53. h4 Kxh4 54. Kc4 Kg3 0-1

[Event "Early-Titled-Tuesday-Blitz-January-16-2024"]
[Site "Chess.com"]
[Date "2024.01.16"]
[Round "1"]
[White "TimGrutter03"]
[Black "MatthewG-p4p"]
[Result "1-0"]
[WhiteElo "2520"]
[BlackElo "2926"]
[TimeControl "180+1"]
[EndTime "8:07:40 PST"]
[Termination "TimGrutter03 won by resignation"]

1. Nf3 c5 2. e3 g6 3. c4 Bg7 4. Nc3 Nf6 5. Be2 O-O 6. O-O d5 7. cxd5 Nxd5 8. d4 cxd4 9. Nxd5 Qxd5 10. Nxd4 Rd8 11. Bf3 Qa5 12. Qb3 Na6 13. Rd1 e5 14. Bd2 Qb6 15. Qxb6 axb6 16. Nb5 Nc5 17. Bc3 Bf5 18.
Rxd8+ Rxd8 19. Rd1 Rxd1+ 20. Bxd1 Bd7 21. Nd6 Bc6 22.
Nc4 Nd7 23. Bb3 h5 24. Nd6 Bf6 25. Bxf7+ Kg7 26. Bb3 Be7 27. Nc4 Bf6 28. Bc2 h4 29. Nd6 Be7 30. Nc4 Bf6 31. f3 h3 32. e4 hxg2 33.
Kxg2 g5 34. Bd2 Nf8 35. Nxb6 Ng6 36. Nc4 Nh4+ 37. Kg3 Ng6 38. Na5 Ne7 39. Bb4 Ng6 40. Nxc6 bxc6 41. a4 Bd8 42. a5 Nf4 43. a6 Bb6 44.
Bd6 Kf6 45. Bb8 Ne6 46. a7 Nc7 47. Bxc7 Bxa7 48. Bd8+ Kg6 49. Kg4 1-0

[Event "Early-Titled-Tuesday-Blitz-January-16-2024"]
[Site "Chess.com"]
[Date "2024.01.16"]
[Round "1"]
[White "FormerProdigy"]
[Black "Truequitos"]
[Result "1-0"]
[WhiteElo "3010"]
[BlackElo "2521"]
[TimeControl "180+1"]
[EndTime "8:07:41 PST"]
[Termination "FormerProdigy won by resignation"]

1. c4 c6 2. Nf3 d5 3. e3 Nf6 4. Nc3 g6 5. d4 Bg7 6. Be2 a6 7. O-O b5 8. cxd5 cxd5 9. Bd2 O-O 10. b4 Bb7 11. a4 bxa4 12. Nxa4 Nbd7 13. Nc5 Nxc5 14. bxc5 Ne4 15. Ba5 Qd7 16. Qc2 Bc6 17.
Rfb1 Rfb8 18. Rxb8+ Rxb8 19. Bxa6 Bb5 20. Rb1 Qa7 21.
Bxb5 Qxa5 22. Bd3 Rxb1+ 23. Qxb1 Nc3 24. Qc1 e5 25. Nxe5 Bxe5 26. dxe5 Qxc5 27. Qb2 d4 28. Qb8+ Kg7 29. Qd6 Qa5 30. Qf6+ Kg8 31. h4 dxe3 32. e6 exf2+ 33. Kxf2 Qb6+ 34. Kf1 Qc7 35. e7 Qd7 36. Qxc3 Qxe7 37. Qd4 h5 38. Kf2 Qe6 39.
Bc4 Qe7 40. Qf4 Kg7 41. Kf3 Kg8 42. Qb8+ Kg7 43. Qb2+ Kg8 44. Qd4 Qe8 45. Qe4 1-0

[Event "Early-Titled-Tuesday-Blitz-January-16-2024"]
[Site "Chess.com"]
[Date "2024.01.16"]
[Round "1"]
[White "Grindaveci"]
[Black "GrigorGrigorov"]
[Result "0-1"]
[WhiteElo "2501"]
[BlackElo "2938"]
[TimeControl "180+1"]
[EndTime "8:07:42 PST"]
[Termination "GrigorGrigorov won by resignation"]

1. e4 c6 2. d4 d5 3. e5 Bf5 4. h4 h5 5. Bd3 Bxd3 6. Qxd3 Qa5+ 7. Nd2 e6 8. Nf3 Nh6 9. O-O Nf5 10. c4 Be7 11. g3 O-O 12. a4 Rd8 13. b3 c5 14. Ba3 Nc6 15. cxd5 Rxd5 16. Nc4 Qa6 17. Qe4 Ncxd4 18. Ng5 Bxg5 19. hxg5 Nxb3 20. g6 Rd4 21. gxf7+ Kxf7 22. Qf3 Qxc4 23. Qxb7+ Kg6 24. Qxa8 Nxa1 25.
Rxa1 Qxa4 26. Kh2 Rd2 27. Kg2 Ne3+ 28. Kg1 Rd1+ 29. Rxd1 Qxd1+ 30. Kh2 Ng4+ 31. Kg2 Qd5+ 32. Qxd5 exd5 33. Bxc5 a5 34. f4 Kf5 35. Kf3 g6 36. Bf8 a4 37. Bb4 Nh6 38. Ke3 Ke6 39. Kd4 Nf5+ 40. Kc5 Nxg3 41. Kb5 Ne2 42. Bd2 a3 0-1

[Event "Early-Titled-Tuesday-Blitz-January-16-2024"]
[Site "Chess.com"]
[Date "2024.01.16"]
[Round "1"]
[White "Shuvalov"]
[Black "iturrizaga"]
[Result "1/2-1/2"]
[WhiteElo "2541"]
[BlackElo "3047"]
[TimeControl "180+1"]
[EndTime "8:07:43 PST"]
[Termination "Game drawn by stalemate"]

1. d4 Nf6 2. c4 e6 3. Nc3 Bb4 4. e3 O-O 5. a3 Bxc3+ 6. bxc3 Nc6 7. Ne2 b6 8. Ng3 Ba6 9. e4 Na5 10. Bg5 h6 11. h4 d6 12. e5 dxe5 13. Ne4 exd4 14.
Nxf6+ gxf6 15. Bxh6 f5 16. Rh3 Qf6 17. Qh5 f4 18.
Bd3 Rfd8 19. Bxf4 Qxf4 20. Rg3+ Kf8 21. Rf3 Qxf3 22. Qxf3 Ke7 23. O-O-O dxc3 24. Qf4 Rd6 25. Qg5+ Kd7 26. Qg7 Rd8 27. Qxc3 Ke7 28. Bc2 Rxd1+ 29.
Bxd1 Bxc4 30. g4 Rd3 31. Qe5 Rd6 32. g5 Bd3 33. Qf6+ Ke8 34. h5 Nc4 35. g6 fxg6 36. hxg6 Bxg6 37. Qxg6+ Kd7 38. Ba4+ Kc8 39. Qe4 b5 40.
Qa8+ Kd7 41. Bxb5+ Ke7 42. Bxc4 Rd4 43. Qc6 Rd6 44.
Qxc7+ Rd7 45. Qc5+ Kf6 46. Qe3 Rc7 47. Qc3+ Ke7 48. Kd2 a5 49. Qd4 Rd7 50. Qxd7+ Kxd7 51. Kd3 Kd6 52. Ke4 Kc5 53. f4 Kxc4 54. Ke5 Kb3 55. Kxe6 Kxa3 56. f5 Kb2 57. f6 a4 58. f7 a3 59. f8=Q a2 60. Qb4+ Ka1 61. Qb3 1/2-1/2

[Event "Early-Titled-Tuesday-Blitz-January-16-2024"]
[Site "Chess.com"]
[Date "2024.01.16"]
[Round "1"]
[White "klimkoj"]
[Black "vidavi"]
[Result "1-0"]
[WhiteElo "2872"]
[BlackElo "2477"]
[TimeControl "180+1"]
[EndTime "8:07:43 PST"]
[Termination "klimkoj won by resignation"]

1. e4 c5 2. Nf3 Nc6 3. Nc3 Nf6 4. g3 g6 5. Bg2 Bg7 6. O-O O-O 7. Re1 d6 8. a4 Nd4 9. Nxd4 cxd4 10. Nd5 Nxd5 11.
exd5 d3 12. c3 Bf5 13. h3 h5 14. g4 hxg4 15. hxg4 Bd7 16. Qf3 Qc8 17. Qxd3 Bxg4 18. Rxe7 Re8 19. Rxe8+ Qxe8 20. Kf1 Qe5 21. Qe3 Qh5 22.
d4 Kf8 23. Qg5 Be2+ 24. Kg1 Re8 25. Qxh5 Bxh5 26. Bf4 Rd8 27. Re1 Bg4 28. f3 Bf5 29. a5 Rd7 30. Kh2 f6 31. Bh3 Bxh3 32. Kxh3 Kf7 33.
Re6 Bf8 34. Kg4 Be7 35. Bd2 b6 36. a6 Rd8 37. Re1 Rh8 38. Kg3 f5 39. Kg2 g5 40.
Re6 f4 41. c4 Rc8 42. b3 b5 43. cxb5 Rb8 44. Bb4 Rxb5 45. Bxd6 Rxd5 46. Rxe7+ Kf6 47. Bc5 Rxc5 48. dxc5 Kxe7 49. b4 Kd7 50. b5 1-0

[Event "Early-Titled-Tuesday-Blitz-January-16-2024"]
[Site "Chess.com"]
[Date "2024.01.16"]
[Round "1"]
[White "cthulhuuu"]
[Black "Sokoloco"]
[Result "1/2-1/2"]
[WhiteElo "2422"]
[BlackElo "2763"]
[TimeControl "180+1"]
[EndTime "8:07:43 PST"]
[Termination "Game drawn by repetition"]

1. e4 d6 2. d4 g6 3. Nc3 Bg7 4. f4 Nf6 5. Nf3 O-O 6. e5 dxe5 7. dxe5 Qxd1+ 8. Nxd1 Nd5 9. c4 Nb4 10. Ne3 Bf5 11.
Nxf5 gxf5 12. Kf2 Rd8 13. Bd2 N8c6 14. Bc3 e6 15. Be2 Nd3+ 16. Ke3 Ncb4 17. Nd4 c5 18.
Bxd3 cxd4+ 19. Bxd4 Rd7 20. Rhd1 Rad8 21. a3 Rxd4 22.
axb4 Bf8 23. Bc2 Rxd1 24. Rxd1 Rxd1 25. Bxd1 Bxb4 26. Bf3 b6 27. Kd3 Bc5 28. g4 Kf8 29. gxf5 exf5 30. h3 Ke7 31. Bd5 a5 32. b3 Ba3 33.
Ke2 Bc1 34. Kf3 Bd2 35. Bb7 Kd7 36. Bd5 Ke7 37. Ba8 f6 38. exf6+ Kxf6 39. Bb7 Bb4 40. Bc8 Bc5 41. Bd7 h6 42. Bc8 Bd6 43. Bd7 Be7 44. Bc8 Bf8 45. Bd7 Bd6 46. Bc8 Bc5 47. Bd7 Bb4 48.
Bc8 Ba3 49. Bd7 Bb2 50. Bc8 Bd4 51. Bd7 Bc5 52. Bc8 a4 53. bxa4 Bb4 54. Bd7 Bc5 55.
Bc8 Bb4 56. Bd7 Bd6 57. Bc6 Be7 58. Bd7 Bc5 59. Bc8 1/2-1/2